[Event "Late-Titled-Tuesday-Blitz-September-19-2023"]
[Site "Chess.com"]
[Date "2023.09.19"]
[Round "3"]
[White "KejJaj"]
[Black "Marticafierro"]
[Result "0-1"]
[WhiteElo "2205"]
[BlackElo "2409"]
[TimeControl "180+1"]
[EndTime "14:25:01 PDT"]
[Termination "Marticafierro won by resignation"]

1. d4 g6 2. e4 Bg7 3. Nc3 c6 4. Be3 d5 5. Nf3 dxe4 6. Nxe4 Nf6 7. Nxf6+ Bxf6 8. h4 h5 9. c3 O-O 10. Bd3 Bg4 11.
Qc2 Kg7 12. O-O-O Nd7 13. Rde1 Qa5 14. Kb1 e5 15. Bg5 Bxf3 16. Bxf6+ Nxf6 17. gxf3 exd4 18. cxd4 Rfe8 19. Rxe8 Rxe8 20. f4 Re1+ 21. Rxe1 Qxe1+ 22. Qc1 Qxc1+ 23. Kxc1 Nd5 24. f5 Nf4 25. Bc4 Ng2 26. fxg6 fxg6 27. d5 Nxh4 28. dxc6 bxc6 29. a4 Kf6 30. b4 g5 31. a5 Nf5 32. Bd3 g4 33.
Be4 Nd4 34. Kd2 Ke5 35. Kd3 h4 36. Bh1 g3 37. fxg3 hxg3 38. Kc4 Nf5 39. Bxc6 Ne3+ 40. Kd3 Nd5 41. Bxd5 Kxd5 42. Ke3 Kc4 43. Kf3 Kxb4 44. Kxg3 Kxa5 45. Kf2 Kb4 46. Ke1 Kb3 47. Kd1 Kb2 48.
Kd2 a5 0-1

[Event "Late-Titled-Tuesday-Blitz-September-19-2023"]
[Site "Chess.com"]
[Date "2023.09.19"]
[Round "3"]
[White "GadimbayliA"]
[Black "Andrej2004"]
[Result "1-0"]
[WhiteElo "2835"]
[BlackElo "2546"]
[TimeControl "180+1"]
[EndTime "14:25:03 PDT"]
[Termination "GadimbayliA won by resignation"]

1. e4 e5 2. Nf3 Nc6 3. Nc3 Nf6 4. d4 exd4 5. Nxd4 Bb4 6. Nxc6 bxc6 7. Bd3 d5 8. exd5 O-O 9. O-O cxd5 10. Bg5 c6 11. Qf3 Bd6 12. Rae1 Rb8 13. Nd1 h6 14. Bxf6 Qxf6 15.
Qxf6 gxf6 16. b3 Be6 17. Ne3 a5 18. Nf5 Bxf5 19. Bxf5 a4 20. Bd7 axb3 21. axb3 c5 22. Bc6 d4 23. g3 Rbc8 24. Bb5 Rb8 25. Bc4 Rbe8 26. Rxe8 Rxe8 27. Ra1 Re7 28. Ra6 Rd7 29. Kg2 Kg7 30. Bb5 Rd8 31. Ra7 Rc8 32. Rd7 Bb8 33. Bc4 Rc7 34. Rd8 Ba7 35. Re8 Rd7 36. f4 Bb6 37.
Kf3 Bd8 38. Kg4 Be7 39. Kf5 Ra7 40. Ke4 Bf8 41. Rc8 Re7+ 42. Kf5 Ra7 43. h4 Rb7 44. h5 Ra7 45. Rc6 Be7 46. Ke4 Rd7 47. Ra6 Bf8 48. Kf5 Re7 49. Rxf6 Re3 50. Rxf7+ 1-0

[Event "Late-Titled-Tuesday-Blitz-September-19-2023"]
[Site "Chess.com"]
[Date "2023.09.19"]
[Round "3"]
[White "reevecanada"]
[Black "Korchmar_Vasiliy"]
[Result "1-0"]
[WhiteElo "2521"]
[BlackElo "2739"]
[TimeControl "180+1"]
[EndTime "14:25:07 PDT"]
[Termination "reevecanada won on time"]

1. e4 c5 2. Nf3 d6 3. Bb5+ Nd7 4. d4 cxd4 5. Nxd4 Nf6 6. O-O g6 7. Re1 Bg7 8. Bf1 O-O 9. c4 Qb6 10. Nc3 Ng4 11. Qxg4 Bxd4 12. Qh4 Nf6 13. Bh6 Re8 14. Rad1 Ng4 15. Rd2 Nxh6 16. Nd5 Qd8 17. Rxd4 Kg7 18.
Ne3 Be6 19. g4 Ng8 20. f4 Nf6 21. g5 Ng8 22. f5 Bd7 23. Bh3 Qb6 24. Red1 Red8 25.
Nd5 Qa5 26. Nxe7 Nxe7 27. f6+ Kg8 28. fxe7 Re8 29. Bxd7 Rxe7 30. Bb5 Qxa2 31. Qf2 Rf8 32. Rxd6 Qa5 33. Qf6 1-0

[Event "Late-Titled-Tuesday-Blitz-September-19-2023"]
[Site "Chess.com"]
[Date "2023.09.19"]
[Round "3"]
[White "Miguelitro69"]
[Black "Deeper44"]
[Result "0-1"]
[WhiteElo "2287"]
[BlackElo "2524"]
[TimeControl "180+1"]
[EndTime "14:25:07 PDT"]
[Termination "Deeper44 won by resignation"]

1. e4 e6 2. Qe2 c5 3. Nf3 Nc6 4. g3 Bd6 5. Bg2 Nge7 6. O-O Bc7 7. Rd1 d6 8. d4 cxd4 9. Nxd4 Nxd4 10. Rxd4 Nc6 11.
Rd2 O-O 12. b3 Qf6 13. c3 e5 14. Bb2 a5 15. Na3 b6 16. Rad1 Ba6 17. Nb5 Na7 18. a4 Nxb5 19. axb5 Bb7 20. Ba3 Rfd8 21. Rd3 Qe6 22.
c4 a4 23. bxa4 Rxa4 24. Bxd6 Rxd6 25. Rxd6 Bxd6 26. Qd3 Bf8 27. Qd8 Rxc4 28. Qxb6 Qxb6 0-1

[Event "Late-Titled-Tuesday-Blitz-September-19-2023"]
[Site "Chess.com"]
[Date "2023.09.19"]
[Round "3"]
[White "BeanScreen"]
[Black "ChessWarrior7197"]
[Result "1-0"]
[WhiteElo "2725"]
[BlackElo "3061"]
[TimeControl "180+1"]
[EndTime "14:25:10 PDT"]
[Termination "BeanScreen won by resignation"]

1. e4 e6 2. d4 d5 3. Nc3 Bb4 4. exd5 exd5 5. Bd3 Nc6 6. Nf3 Nge7 7.
O-O Bg4 8. h3 Bh5 9. a3 Bd6 10.
Re1 Qd7 11. Nxd5 O-O-O 12. Nxe7+ Nxe7 13. Ne5 Bxd1 14. Nxd7 Bxc2 15. Nb6+ axb6 16. Bxc2 c6 17. Bb3 Nd5 18. Bxd5 cxd5 19. Bg5 f6 20. Bh4 Kd7 21.
Re3 Rhe8 22. Rae1 Rxe3 23. Rxe3 Rc8 24. Bg3 Be7 25. Rb3 Bd8 26. Kf1 Rc4 27. Rd3 b5 28. Ke2 Bb6 29. Rb3 Kc6 30. Re3 Rxd4 31. Re6+ Kc5 32.
b4+ Kc4 33. Rxb6 Kc3 34. Rxb5 Re4+ 35. Kf3 Kd4 36. Rxb7 g5 37. Rxh7 Kd3 38. b5 f5 39. Rg7 f4 40. Rxg5 1-0

[Event "Late-Titled-Tuesday-Blitz-September-19-2023"]
[Site "Chess.com"]
[Date "2023.09.19"]
[Round "3"]
[White "KaydenTroffChess"]
[Black "The_Straightforward_Rook"]
[Result "1-0"]
[WhiteElo "2791"]
[BlackElo "2532"]
[TimeControl "180+1"]
[EndTime "14:25:10 PDT"]
[Termination "KaydenTroffChess won by resignation"]

1. d4 Nf6 2. Nf3 e6 3. Bf4 d5 4.
e3 Bd6 5. Ne5 c5 6. Bb5+ Kf8 7.
Nd7+ Bxd7 8. Bxd6+ Kg8 9. Bxd7 Nbxd7 10. dxc5 Qa5+ 11. c3 Qb5 12. b4 a5 13. Qe2 Qa4 14. a3 Ne4 15. Bg3 Qb3 16. O-O Nxc3 17. Nxc3 Qxc3 18. Rfc1 Qf6 19. b5 h5 20. c6 bxc6 21. bxc6 Nb6 22. Rab1 Nc4 23. c7 Rc8 24. Rb8 Kh7 25.
Qxh5+ Qh6 26. Qxf7 Nxe3 27. Bf4 1-0

[Event "Late-Titled-Tuesday-Blitz-September-19-2023"]
[Site "Chess.com"]
[Date "2023.09.19"]
[Round "3"]
[White "JoakimVonAnd"]
[Black "whitemirrorninja"]
[Result "1-0"]
[WhiteElo "2716"]
[BlackElo "2491"]
[TimeControl "180+1"]
[EndTime "14:25:11 PDT"]
[Termination "JoakimVonAnd won on time"]

1. d4 g6 2. Nf3 Bg7 3. g3 d6 4. Bg2 Nf6 5. O-O O-O 6. c4 c6 7. Nc3 Nbd7 8. e4 Qc7 9. h3 e5 10. Re1 Re8 11. Be3 a6 12. Qc2 b6 13. Rad1 Bb7 14.
a3 Rac8 15. b4 b5 16. c5 exd4 17. cxd6 Qxd6 18. Nxd4 Qb8 19. f4 Nb6 20. e5 Nfd5 21. Bf2 Nxc3 22. Qxc3 Nc4 23. Nb3 Bf8 24. Nc5 Rcd8 25.
Nd7 Qc7 26. Nf6+ Kh8 27. Nxe8 Rxe8 28. e6+ Bg7 29. exf7 Qxf7 30. Rxe8+ Qxe8 31. Bd4 Bxd4+ 32. Qxd4+ Kg8 33. Qf6 Ne3 34. Rd8 1-0

[Event "Late-Titled-Tuesday-Blitz-September-19-2023"]
[Site "Chess.com"]
[Date "2023.09.19"]
[Round "3"]
[White "amanmuhammethommadov"]
[Black "AradNazari"]
[Result "1-0"]
[WhiteElo "2567"]
[BlackElo "2825"]
[TimeControl "180+1"]
[EndTime "14:25:13 PDT"]
[Termination "amanmuhammethommadov won by resignation"]

1. e4 c5 2. Nf3 d6 3. d4 cxd4 4.
Nxd4 Nf6 5. Nc3 a6 6. Bg5 Nbd7 7. Bc4 Qb6 8. Bb3 e6 9. Qd2 Be7 10. O-O-O Nc5 11. Rhe1 Qc7 12. f4 Bd7 13. e5 dxe5 14. fxe5 Ng8 15. Bxe7 Nxe7 16. Qg5 Ng6 17. h4 h6 18. Qg3 O-O 19. h5 Ne7 20. Ne4 Nxe4 21. Rxe4 Nf5 22. Nxf5 exf5 23. Red4 Bc6 24. Rd6 Kh8 25.
Qf4 Be4 26. Rxh6+ gxh6 27. Qxh6+ Kg8 28. Rd6 Qxd6 29. exd6 Rad8 30. Qg6+ Kh8 31. Bxf7 Rxd6 32. Qxd6 Rxf7 33. g3 Kh7 34. Qg6+ 1-0

[Event "Late-Titled-Tuesday-Blitz-September-19-2023"]
[Site "Chess.com"]
[Date "2023.09.19"]
[Round "3"]
[White "Mops_2004"]
[Black "stolencandy13"]
[Result "1-0"]
[WhiteElo "2806"]
[BlackElo "2554"]
[TimeControl "180+1"]
[EndTime "14:25:14 PDT"]
[Termination "Mops_2004 won by resignation"]

1. g3 d5 2. Nf3 Nf6 3. Bg2 Bf5 4. c4 c6 5. Qb3 Qb6 6. d3 e6 7. O-O Nbd7 8. cxd5 Qxb3 9. axb3 cxd5 10. Nd4 Bg4 11.
h3 Bh5 12. g4 Bg6 13. Nb5 Kd8 14. Nxa7 Ke8 15. Be3 Bc5 16. Bxc5 Nxc5 17. Nd2 Kd7 18. Rfc1 b6 19. b4 Nb7 20. Nb3 Nd6 21. Nd4 Rhb8 22. Nac6 Rc8 23. Ne5+ Ke8 24. Rxa8 Rxa8 25. Rc6 Nc8 26.
Nb5 Kd8 27. Rc7 Ra2 28. Nc6+ Ke8 29. Rxc8+ Kd7 30. Rc7+ Ke8 31. Nd6+ Kf8 32. Rc8+ 1-0

[Event "Late-Titled-Tuesday-Blitz-September-19-2023"]
[Site "Chess.com"]
[Date "2023.09.19"]
[Round "3"]
[White "SlipperySpeedster"]
[Black "Cambek64"]
[Result "1-0"]
[WhiteElo "2648"]
[BlackElo "2471"]
[TimeControl "180+1"]
[EndTime "14:25:15 PDT"]
[Termination "SlipperySpeedster won by checkmate"]

1. d4 d6 2. Nf3 Nd7 3. Nc3 e5 4. e4 Ngf6 5. Bc4 Be7 6. O-O O-O 7. h3 c6 8. a4 b6 9. d5 Bb7 10. Re1 a6 11. dxc6 Bxc6 12. Nd5 Nxd5 13. Bxd5 Qc7 14.
c3 Nf6 15. Bxc6 Qxc6 16. Nd2 b5 17. axb5 axb5 18. Rxa8 Rxa8 19. Qb3 Ra1 20. f3 d5 21. exd5 Nxd5 22. Qc2 f6 23. Nb3 Ra4 24. Rd1 Bc5+ 25. Nxc5 Qxc5+ 26. Kh1 Rh4 27. Qf5 Nb6 28. Qe6+ Kf8 29. Rd8# 1-0

[Event "Late-Titled-Tuesday-Blitz-September-19-2023"]
[Site "Chess.com"]
[Date "2023.09.19"]
[Round "3"]
[White "Joshukid"]
[Black "picturesquecheck"]
[Result "1-0"]
[WhiteElo "2556"]
[BlackElo "2354"]
[TimeControl "180+1"]
[EndTime "14:25:16 PDT"]
[Termination "Joshukid won by checkmate"]

1. Nf3 g6 2. d4 Bg7 3. g3 d6 4.
Bg2 Nf6 5. O-O O-O 6. c4 Nc6 7. Nc3 Bg4 8. d5 Bxf3 9. exf3 Na5 10. Qd3 c5 11. Rb1 Nd7 12. f4 a6 13. Bd2 Rb8 14.
Rfe1 Re8 15. b3 b6 16. h4 Nb7 17. h5 Qc7 18. hxg6 hxg6 19. f5 Ne5 20. Qc2 gxf5 21.
f4 Ng6 22. Qxf5 Qc8 23. Qxc8 Rbxc8 24. Bh3 Rc7 25. Bf1 Bd4+ 26. Kg2 Kg7 27. Na4 b5 28. cxb5 axb5 29. Bxb5 Rh8 30. Bc3 Bxc3 31. Nxc3 Na5 32. Re4 Nb7 33. a4 Na5 34. Bc4 Rb8 35. Nb5 Rcc8 36.
Bd3 Rh8 37. Re2 Rh7 38. Bxg6 Kxg6 39. Rxe7 Rbh8 40. Nxd6 Rh2+ 41. Kf3 Rc2 42. Rxf7 Rhh2 43. f5+ Kh6 44. Rf6+ Kh7 45. Ne4 c4 46. bxc4 Nxc4 47.
Rb7+ Kg8 48. Rb8+ Kh7 49. Ng5+ Kg7 50. Rg6# 1-0

[Event "Late-Titled-Tuesday-Blitz-September-19-2023"]
[Site "Chess.com"]
[Date "2023.09.19"]
[Round "3"]
[White "whiteglovethief"]
[Black "Qvalda"]
[Result "1-0"]
[WhiteElo "2513"]
[BlackElo "2335"]
[TimeControl "180+1"]
[EndTime "14:25:16 PDT"]
[Termination "whiteglovethief won by resignation"]

1. d4 Nf6 2. c4 e6 3. Nf3 b6 4. a3 Bb7 5. Nc3 d5 6. cxd5 Nxd5 7. e3 Be7 8. Bb5+ c6 9. Bd3 O-O 10. O-O Nxc3 11. bxc3 c5 12. e4 cxd4 13. cxd4 Nc6 14. Be3 Rc8 15. Qe2 Bf6 16. Rfd1 Qc7 17. e5 Be7 18. h4 Rfd8 19. Be4 Na5 20. Bg5 h6 21.
Bxe7 Qxe7 22. h5 Bxe4 23. Qxe4 Rc3 24. a4 Qb7 25. Qf4 Qd5 26. Rac1 Rdc8 27. Rxc3 Rxc3 28.
Rc1 Rc4 29. Rxc4 Nxc4 30. g4 a6 31. g5 hxg5 32. Nxg5 Qd7 33. d5 exd5 34. e6 fxe6 35. Qb8+ 1-0

[Event "Late-Titled-Tuesday-Blitz-September-19-2023"]
[Site "Chess.com"]
[Date "2023.09.19"]
[Round "3"]
[White "CheckThis4"]
[Black "SantoBlue"]
[Result "0-1"]
[WhiteElo "2674"]
[BlackElo "2951"]
[TimeControl "180+1"]
[EndTime "14:25:19 PDT"]
[Termination "SantoBlue won by checkmate"]

1. d4 Nf6 2. c4 e6 3. Nf3 b6 4. g3 Bb7 5. Bg2 Be7 6. O-O O-O 7. d5 Na6 8. Nc3 Bb4 9. Bd2 Nc5 10. a3 Bxc3 11.
Bxc3 a5 12. b4 Nce4 13. Bb2 exd5 14. cxd5 axb4 15. axb4 Bxd5 16. Nh4 Rxa1 17. Bxa1 Qa8 18. Nf5 Re8 19. Bf3 Re6 20. Qc1 Qc6 21. Qb2 Ng5 22.
Nd4 Bxf3 23. h4 Nh3+ 24. Kh2 Ng4+ 25. Kxh3 Bg2+ 26. Kxg4 Re4+ 27. f4 Qg6# 0-1

[Event "Late-Titled-Tuesday-Blitz-September-19-2023"]
[Site "Chess.com"]
[Date "2023.09.19"]
[Round "3"]
[White "Flawless_Fighter"]
[Black "Mimsychess"]
[Result "1-0"]
[WhiteElo "2686"]
[BlackElo "2361"]
[TimeControl "180+1"]
[EndTime "14:25:20 PDT"]
[Termination "Flawless_Fighter won on time"]

1. e4 c6 2. d4 d5 3. exd5 cxd5 4. Bd3 Nc6 5. c3 Qc7 6. Ne2 Bg4 7. O-O Nf6 8. Qe1 Bxe2 9. Qxe2 e6 10. g3 Bd6 11. Nd2 O-O 12. Nf3 h6 13. Bd2 Rfe8 14. Rfe1 e5 15. dxe5 Nxe5 16. Nxe5 Rxe5 17. Qf3 Rae8 18.
Rxe5 Bxe5 19. Re1 Qd7 20. h4 Ne4 21. Be3 Re6 22. Re2 Rf6 23. Qg2 Qg4 24. Re1 Nxg3 25. fxg3 Bxg3 26. Bd4 Bh2+ 27. Kh1 1-0

[Event "Late-Titled-Tuesday-Blitz-September-19-2023"]
[Site "Chess.com"]
[Date "2023.09.19"]
[Round "3"]
[White "Bilan_Danila"]
[Black "davigator"]
[Result "1-0"]
[WhiteElo "2557"]
[BlackElo "2327"]
[TimeControl "180+1"]
[EndTime "14:25:21 PDT"]
[Termination "Bilan_Danila won by resignation"]

1. d4 Nf6 2. Nf3 e6 3. g3 b5 4. Bg2 Bb7 5. O-O Be7 6. a4 b4 7.
c4 bxc3 8. bxc3 O-O 9. c4 d5 10.
Ne5 c5 11. Ba3 Nbd7 12. Nc3 cxd4 13. Qxd4 Bxa3 14. Rxa3 Nxe5 15. Qxe5 Qe7 16. Rb3 Rfd8 17. Rfb1 Bc6 18. cxd5 Nxd5 19. Nxd5 Bxd5 20. Bxd5 Rxd5 21. Rb8+ Rd8 22. Rxa8 Rxa8 23. Rb8+ Rxb8 24. Qxb8+ Qf8 25. Qxa7 h5 26. a5 Qb4 27. Qa8+ Kh7 28. a6 Qe1+ 29. Kg2 h4 30. Qe4+ f5 31. Qxh4+ Kg6 32. Qc4 Qa1 33. Qxe6+ Kg5 34. h4+ Kh5 35. Qxf5+ Kh6 36. Qg5+ Kh7 37.
Qh5+ Kg8 38. Qb5 Kh7 39. Qb7 1-0

[Event "Late-Titled-Tuesday-Blitz-September-19-2023"]
[Site "Chess.com"]
[Date "2023.09.19"]
[Round "3"]
[White "rychessmaster1"]
[Black "JackRodgers"]
[Result "1/2-1/2"]
[WhiteElo "2733"]
[BlackElo "2505"]
[TimeControl "180+1"]
[EndTime "14:25:24 PDT"]
[Termination "Game drawn by repetition"]

1. d4 Nf6 2. c4 c5 3. d5 e5 4. Nc3 d6 5. e4 Be7 6. h3 Na6 7. g4 Nc7 8. Nge2 h5 9. g5 Nh7 10. h4 Nf8 11. Qd3 a6 12. a4 b6 13. Bh3 Bxh3 14. Qxh3 Qd7 15. f4 exf4 16. Nxf4 Qxh3 17. Rxh3 g6 18. b3 Nd7 19. Bb2 O-O 20. Nd3 Rfb8 21. Kd2 b5 22. Ne2 Bf8 23. Rf3 Bg7 24. Bxg7 Kxg7 25.
Raf1 Rf8 26. Nc3 Rab8 27. Kc2 bxc4 28. bxc4 Nb6 29. Nb2 Nd7 30. Nd3 Nb6 31. Nb2 Nd7 32.
Nd3 1/2-1/2

[Event "Late-Titled-Tuesday-Blitz-September-19-2023"]
[Site "Chess.com"]
[Date "2023.09.19"]
[Round "3"]
[White "ilm2034"]
[Black "dzilleruelo"]
[Result "1-0"]
[WhiteElo "2557"]
[BlackElo "2340"]
[TimeControl "180+1"]
[EndTime "14:25:24 PDT"]
[Termination "ilm2034 won by resignation"]

1. e4 c6 2. c3 d5 3. exd5 cxd5 4. Nf3 Nf6 5. d4 Nc6 6. Bd3 Bg4 7. O-O e6 8. h3 Bh5 9. Nbd2 Bd6 10. Qb3 Qc7 11.
Re1 O-O 12. a4 a6 13. Qd1 e5 14. dxe5 Nxe5 15. Be2 Bg6 16. Nxe5 Bxe5 17. Nf3 Bd6 18. Nd4 Rad8 19. Bf3 Ne4 20. Bxe4 dxe4 21. Bg5 Rd7 22. Qb3 Bc5 23. Be3 Rfd8 24. Rad1 Qe5 25. g3 Qh5 26. Kg2 Bf5 27. g4 Bxg4 28. hxg4 Qxg4+ 29. Kf1 Qh3+ 30. Ke2 Qg4+ 31. Kd2 Bxd4 32. Bxd4 Qf4+ 33.
Kc2 Rxd4 34. cxd4 Qxf2+ 35. Kb1 h5 36. Rf1 Qg3 37. Qxf7+ Kh8 38. Qxh5+ Kg8 39. Qf7+ Kh8 40. Rh1+ 1-0

[Event "Late-Titled-Tuesday-Blitz-September-19-2023"]
[Site "Chess.com"]
[Date "2023.09.19"]
[Round "3"]
[White "Padelator"]
[Black "ferrufino64"]
[Result "1-0"]
[WhiteElo "2393"]
[BlackElo "2194"]
[TimeControl "180+1"]
[EndTime "14:25:25 PDT"]
[Termination "Padelator won by resignation"]

1. Nf3 c5 2. g3 d6 3. Bg2 g6 4. O-O Bg7 5. e4 Nf6 6. Re1 Nc6 7. c3 O-O 8. h3 Rb8 9. d4 cxd4 10.
cxd4 d5 11. e5 Ne4 12. Nc3 Nxc3 13. bxc3 Bf5 14. Nh4 Kh8 15. Nxf5 gxf5 16. e6 fxe6 17. Rxe6 Rf6 18. Qe2 Qd7 19. Rxf6 Bxf6 20. Bh6 Rg8 21. Re1 Rg6 22. Bf4 h5 23. Qe6 Qxe6 24. Rxe6 Nd8 25.
Re1 e6 26. h4 Kg8 27. Bf3 Bxh4 28. Bxh5 Rg7 29. Be5 Rg5 30. Bf3 Rg6 31. Bc7 Nc6 32.
Rxe6 Rxe6 33. Bxd5 Kf7 34. gxh4 Ke7 35. Bxe6 Kxe6 36.
h5 Kd5 37. h6 Ne7 38. h7 Ng6 39. Be5 1-0

[Event "Late-Titled-Tuesday-Blitz-September-19-2023"]
[Site "Chess.com"]
[Date "2023.09.19"]
[Round "3"]
[White "MergenKakabaev"]
[Black "Angry_Twin"]
[Result "0-1"]
[WhiteElo "2667"]
[BlackElo "2948"]
[TimeControl "180+1"]
[EndTime "14:25:27 PDT"]
[Termination "Angry_Twin won by resignation"]

1. e4 c5 2. Nf3 d6 3. d4 cxd4 4.
Nxd4 Nf6 5. Nc3 a6 6. Bg5 e6 7. f4 h6 8. Bh4 Nbd7 9. Qf3 e5 10.
Nf5 g6 11. Ne3 exf4 12. Bxf6 Nxf6 13. Qxf4 h5 14. Ned5 Nxd5 15. Nxd5 Bg7 16. c3 Be5 17. Qf2 O-O 18. Bc4 Be6 19. O-O Kg7 20. Kh1 Qg5 21.
Rae1 b5 22. Bb3 h4 23. Nc7 Bxb3 24. axb3 Rac8 25. Nd5 a5 26. Re3 b4 27. Rf3 f6 28.
Qa7+ Rf7 29. Qxa5 bxc3 30. bxc3 Qg4 31. Qa6 Rb8 32. Qc4 Rc8 33. Qd3 Ra8 34. b4 Ra2 35. R3f2 Rxf2 36. Rxf2 Ra7 37. b5 Ra1+ 38. Rf1 Qxe4 39.
Rxa1 Qxd3 40. Nc7 Qxc3 0-1

[Event "Late-Titled-Tuesday-Blitz-September-19-2023"]
[Site "Chess.com"]
[Date "2023.09.19"]
[Round "3"]
[White "djano"]
[Black "RCone"]
[Result "1-0"]
[WhiteElo "2621"]
[BlackElo "2448"]
[TimeControl "180+1"]
[EndTime "14:25:27 PDT"]
[Termination "djano won on time"]

1. d4 g6 2. Nc3 d6 3. Bf4 Bg7 4. e4 Nd7 5. Nf3 e5 6. Bg5 Ngf6 7. Qd2 h6 8. Bh4 g5 9. Bg3 exd4 10. Nxd4 Nc5 11. O-O-O O-O 12. f3 Nh5 13. Bf2 c6 14. h4 Nf4 15. hxg5 hxg5 16. g3 Ng6 17. Be3 g4 18. Qh2 Re8 19. Qh7+ Kf8 20. Nxc6 Qf6 21. Bd4 Ne5 22. Nxe5 Rxe5 23. f4 Ne6 24. fxe5 dxe5 25. Be3 Nd4 26. Nd5 1-0

[Event "Late-Titled-Tuesday-Blitz-September-19-2023"]
[Site "Chess.com"]
[Date "2023.09.19"]
[Round "3"]
[White "Byniolus"]
[Black "only_strong_moves"]
[Result "1-0"]
[WhiteElo "2786"]
[BlackElo "2530"]
[TimeControl "180+1"]
[EndTime "14:25:30 PDT"]
[Termination "Byniolus won by resignation"]

1. d4 Nf6 2. Nf3 e6 3. Bf4 d5 4. e3 c5 5. c3 Nc6 6. Nbd2 Nh5 7.
Be5 f6 8. Bg3 Nxg3 9. hxg3 cxd4 10. cxd4 Bd7 11. Bd3 f5 12. g4 fxg4 13. Bxh7 Rxh7 14.
Rxh7 gxf3 15. Nxf3 Qa5+ 16. Kf1 O-O-O 17. a3 Kb8 18.
Kg1 Qb5 19. b4 Be8 20. Ng5 Bg6 21.
Rh3 Re8 22. Rh8 Nd8 23. Qg4 Bf5 24. Qf4+ Ka8 25. Rc1 Nc6 26. g4 Qd3 27. gxf5 Qxf5 28. Qxf5 exf5 29. Nh7 1-0

[Event "Late-Titled-Tuesday-Blitz-September-19-2023"]
[Site "Chess.com"]
[Date "2023.09.19"]
[Round "3"]
[White "Hoshka"]
[Black "Chessbard1972"]
[Result "0-1"]
[WhiteElo "2051"]
[BlackElo "2369"]
[TimeControl "180+1"]
[EndTime "14:25:30 PDT"]
[Termination "Chessbard1972 won by resignation"]

1. d4 d5 2. c4 e6 3. g3 c5 4.
cxd5 exd5 5. Nf3 Nc6 6. Bg2 Nf6 7. O-O Be7 8. Nc3 O-O 9. dxc5 Bxc5 10. Na4 Be7 11.
Be3 Ng4 12. Bc5 Re8 13. Rc1 Bf5 14. Re1 Bf6 15. Nd4 Bg6 16. Nc3 Be4 17. Nxc6 bxc6 18. Nxe4 dxe4 19. Qc2 e3 20. fxe3 Nxe3 21. Bxe3 Rxe3 22.
Qxc6 Rb8 23. b3 Bd4 24. Kh1 Qg5 25. Qd5 Be5 26. Rc7 Rf8 27. Re7 Qxe7 0-1

[Event "Late-Titled-Tuesday-Blitz-September-19-2023"]
[Site "Chess.com"]
[Date "2023.09.19"]
[Round "3"]
[White "Goryachkina"]
[Black "Taran2004"]
[Result "1/2-1/2"]
[WhiteElo "2670"]
[BlackElo "2428"]
[TimeControl "180+1"]
[EndTime "14:25:36 PDT"]
[Termination "Game drawn by repetition"]

1. e4 c6 2. d4 d5 3. e5 c5 4. Nf3 cxd4 5. Qxd4 Nc6 6. Qf4 e6 7. Bd3 Bd7 8. O-O Be7 9. Qg3 g6 10. Be3 Qc7 11. Nbd2 h5 12. a3 Nh6 13. Bxh6 Rxh6 14.
Qf4 Rh8 15. c4 g5 16. Nxg5 Bxg5 17. Qxg5 Qxe5 18. Qh4 Qxb2 19. cxd5 Qxd2 20. dxc6 Bxc6 21. Rad1 Qa5 22. Rfe1 Rg8 23. Bf1 Qg5 24. Qh3 Qg4 25. Qd3 Bxg2 26. Qd7+ Kf8 27. Qd6+ Ke8 28. Qd7+ Kf8 29.
Qd6+ Ke8 30. Qd7+ Kf8 1/2-1/2

[Event "Late-Titled-Tuesday-Blitz-September-19-2023"]
[Site "Chess.com"]
[Date "2023.09.19"]
[Round "3"]
[White "TanitoluwaAps116"]
[Black "BillieKimbah"]
[Result "0-1"]
[WhiteElo "2679"]
[BlackElo "2969"]
[TimeControl "180+1"]
[EndTime "14:25:39 PDT"]
[Termination "BillieKimbah won by resignation"]

1. e4 c5 2. Nf3 Nc6 3. Bb5 g6 4. Bxc6 dxc6 5. d3 Qc7 6. O-O e5 7. Be3 Nf6 8. h3 Nh5 9. Nbd2 Be6 10. Ng5 Bd7 11. Nc4 f6 12. Nf3 Be6 13. c3 Be7 14. Nfd2 Rd8 15. Qe2 Qd7 16. d4 cxd4 17. cxd4 exd4 18.
Bh6 b5 19. Na5 Qc7 20. Ndb3 d3 21. Qd2 c5 22. Be3 c4 23. Nd4 Bd7 24. g4 Ng7 25.
Rac1 h5 26. f3 hxg4 27. hxg4 Bb4 0-1

[Event "Late-Titled-Tuesday-Blitz-September-19-2023"]
[Site "Chess.com"]
[Date "2023.09.19"]
[Round "3"]
[White "Zhigalko_Sergei"]
[Black "ural58"]
[Result "1-0"]
[WhiteElo "2837"]
[BlackElo "2558"]
[TimeControl "180+1"]
[EndTime "14:25:39 PDT"]
[Termination "Zhigalko_Sergei won by resignation"]

1. e4 d5 2. exd5 Qxd5 3. Nc3 Qa5 4. d4 Nf6 5. Nf3 Nc6 6. Bb5 Ne4 7. a4 Nxc3 8. bxc3 a6 9. Bxc6+ bxc6 10. O-O Bg4 11. h3 Bxf3 12. Qxf3 Qd5 13. Qg3 e6 14. Bf4 h5 15.
Bxc7 h4 16. Qd3 Rh5 17. Rab1 Rg5 18. f3 Bd6 19. c4 Rxg2+ 20. Kxg2 Qg5+ 21. Kh1 Bxc7 22. f4 Qf6 23. Qe4 Kd7 24. d5 exd5 25. cxd5 c5 26.
d6 Re8 27. Qb7 Kxd6 28. Rbd1+ Ke7 29. Qxc7+ Kf8 30. Qd6+ 1-0

[Event "Late-Titled-Tuesday-Blitz-September-19-2023"]
[Site "Chess.com"]
[Date "2023.09.19"]
[Round "3"]
[White "angryspacevoid"]
[Black "Fy_Rakotomaharo"]
[Result "1/2-1/2"]
[WhiteElo "2503"]
[BlackElo "2718"]
[TimeControl "180+1"]
[EndTime "14:25:40 PDT"]
[Termination "Game drawn by repetition"]

1. e4 c5 2. c3 Nf6 3. e5 Nd5 4. Nf3 e6 5. d4 cxd4 6. Bc4 d6 7.
Bg5 Qb6 8. cxd4 Qxb2 9. Nbd2 Nc6 10. Rb1 Qa3 11. Rb3 Qa5 12. O-O dxe5 13. Re1 Be7 14.
Rb5 Nc3 15. Qb3 Nxb5 16. Bxb5 Bxg5 17. Rxe5 Qd8 18. Rxg5 O-O 19. Qe3 Ne7 20. Bd3 Nf5 21. Qf4 h6 22. Rg4 Qd6 23. Ne5 f6 24. Bxf5 exf5 25.
Rxg7+ Kxg7 26. Qg3+ Kh7 27. Qg6+ Kh8 28. Qxh6+ Kg8 29.
Qg6+ Kh8 30. Qh6+ Kg8 31. Qg6+ Kh8 32. Qh6+ 1/2-1/2

[Event "Late-Titled-Tuesday-Blitz-September-19-2023"]
[Site "Chess.com"]
[Date "2023.09.19"]
[Round "3"]
[White "Laico"]
[Black "koncheto"]
[Result "0-1"]
[WhiteElo "2386"]
[BlackElo "2563"]
[TimeControl "180+1"]
[EndTime "14:25:40 PDT"]
[Termination "koncheto won on time"]

1. e4 d5 2. exd5 Qxd5 3. Nc3 Qa5 4. d4 c6 5. Nf3 Nf6 6. Bc4 Bf5 7. Ne5 e6 8. Qe2 Nbd7 9. Bd2 Qc7 10. O-O-O Nxe5 11. dxe5 Nd7 12. f4 h5 13. h3 h4 14. Ne4 Nc5 15. Nd6+ Bxd6 16. exd6 Qxd6 17. Kb1 Qe7 18. Bb4 b6 19. Rd2 O-O 20. Qe5 Rfd8 21. Bxc5 Qxc5 22. Qxc5 bxc5 23. Rhd1 Rd5 24. Bxd5 cxd5 25. Kc1 Kf8 26. Re1 Be4 27. Re3 Ke7 28. Rb3 d4 29. Ra3 f6 30.
Ra4 Kd6 31. c3 e5 32. fxe5+ fxe5 33. Rf2 Bc6 34. Ra3 e4 35. Rf7 e3 36. Rxg7 Rf8 37. Rg6+ Kd5 38. cxd4 Rf1+ 39. Kc2 e2 0-1

[Event "Late-Titled-Tuesday-Blitz-September-19-2023"]
[Site "Chess.com"]
[Date "2023.09.19"]
[Round "3"]
[White "BigAl"]
[Black "Nekoo04"]
[Result "1-0"]
[WhiteElo "2550"]
[BlackElo "2339"]
[TimeControl "180+1"]
[EndTime "14:25:40 PDT"]
[Termination "BigAl won by resignation"]

1. Nf3 d5 2. g3 Nf6 3. Bg2 e6 4.
O-O Be7 5. d3 O-O 6. Nbd2 c5 7.
e4 Nc6 8. Re1 b5 9. exd5 exd5 10.
d4 c4 11. a4 b4 12. Ne5 Nxd4 13. Ndxc4 dxc4 14. Bxa8 Be6 15. Nc6 Nxc6 16. Bxc6 Qb6 17. Bf3 Bc5 18. Qe2 h6 19. Be3 c3 20. bxc3 bxc3 21. Rab1 Qc7 22. Rb7 Qe5 23. Rb5 Rc8 24.
Bxc5 Qxe2 25. Rxe2 Bc4 26. Bxa7 Bxe2 27. Bxe2 Ra8 28.
Rb8+ 1-0